Construct Weapon Support Center
Selects Airborne Battlegroup
Selects Heavy Machine Gun Paradrop
Selects Smoke Bombing Run
Heavy Machine Gun Paradrop
Heavy Machine Gun Paradrop
M3 Armored Personnel Carrier
Selects Paratrooper Squad Paradrop
M3 Armored Personnel Carrier
Paratrooper Squad Paradrop
M3 Armored Personnel Carrier
Construct Medical Station
Paratrooper Squad Paradrop
Paratrooper Squad Paradrop
Selects Carpet Bombing Run
M18 Hellcat Tank Destroyer
Paratrooper Squad Paradrop
Paratrooper Squad Paradrop
Selects Anti-tank Gun Team Paradrop
Paratrooper Squad Paradrop